 Dungeon Crawl Stone Soup version 0.26.1-11-gd32895ea62 (webtiles) character file.

Game seed: 1747013646935122751

11046 jlumianski the Thaumaturge (level 11, 0/86 HPs)
             Began as a Gnoll Warper on June 23, 2021.
             Was a High Priest of Okawaru.
             Slain by a wyvern (13 damage)
             ... on level 11 of the Dungeon.
             The game lasted 01:07:13 (16371 turns).

jlumianski the Thaumaturge (Gnoll Warper)          Turns: 16371, Time: 01:07:14

Health: 0/86       AC: 13    Str: 14    XL:     11   Next: 71%
Magic:  20/23      EV: 15    Int: 19    God:    Okawaru [*****.]
Gold:   570        SH:  5    Dex: 14    Spells: 7/26 levels left

rFire    + . .     SeeInvis +   s - +4 quarterstaff (spect)
rCold    . . .     Faith    .   (shield currently unavailable)
rNeg     . . .     Spirit   .   D - +0 ring mail
rPois    .         Reflect  +   t - +2 helmet {SInv}
rElec    .         Harm     .   M - scarf {repulsion}
rCorr    .         Rampage  .   V - +2 pair of gloves
Will     +....                  (no boots)
Stlth    +++.......             y - amulet of reflection
HPRegen  0.24/turn              i - ring of protection from fire
MPRegen  0.18/turn              c - ring of willpower

@: repel missiles
A: distributed training, fangs 1, strong nose
a: Renounce Religion, Heroism, Finesse


You were on level 11 of the Dungeon.
You worshipped Okawaru.
Okawaru was extremely pleased with you.
You visited 1 branch of the dungeon, and saw 11 of its levels.

You collected 961 gold pieces.
You spent 391 gold pieces at shops.

Inventory:

Hand Weapons
 j - a +3 war axe
 k - a +0 hand axe of venom
 o - a +1 battleaxe of freezing
 s - a +4 spectral quarterstaff (weapon)
 S - a +0 arbalest
Missiles
 a - 14 javelins
 e - 5 boomerangs of dispersal
 f - 52 bolts
 g - 35 poisoned darts
 n - 19 boomerangs (quivered)
 q - a throwing net
 W - 2 curare-tipped darts
Armour
 t - a +2 helmet of see invisible (worn)
 D - a +0 ring mail (worn)
 M - a scarf of repulsion (worn)
 V - a +2 pair of gloves (worn)
Jewellery
 c - a ring of willpower (right hand)
 i - a ring of protection from fire (left hand)
 m - an uncursed amulet of guardian spirit
 u - an uncursed ring of fire
 y - an amulet of reflection (around neck)
 C - an uncursed ring of fire
Wands
 H - a wand of enslavement (8)
 Y - a wand of disintegration (16)
 Z - a wand of polymorph (10)
Scrolls
 b - 2 scrolls of identify
 d - 3 scrolls of blinking
 h - 3 scrolls of remove curse
 l - a scroll of enchant armour
 X - 2 scrolls of teleportation
Potions
 p - a potion of attraction {unknown}
 v - a potion of berserk rage
 x - a potion of cancellation
 E - 2 potions of curing
 F - a potion of haste
 G - 6 potions of heal wounds
 L - a potion of flight
 N - a potion of lignification {unknown}
 O - a potion of resistance
 T - a potion of mutation {unknown}
 U - a potion of might
Miscellaneous
 r - a box of beasts


   Skills:
 + Level 8.1 Fighting
 + Level 6.5 Short Blades
 + Level 6.5 Long Blades
 + Level 8.1 Axes
 + Level 6.5 Maces & Flails
 + Level 6.5 Polearms
 + Level 6.5 Staves
 + Level 6.5 Slings
 + Level 6.5 Bows
 + Level 6.5 Crossbows
 + Level 7.1 Throwing
 + Level 7.1 Armour
 + Level 8.1 Dodging
 + Level 6.5 Stealth
 + Level 6.5 Shields
 + Level 6.5 Unarmed Combat
 + Level 8.3 Spellcasting
 + Level 5.4 Conjurations
 + Level 5.4 Hexes
 + Level 5.4 Summonings
 + Level 5.4 Necromancy
 + Level 7.8 Translocations
 + Level 5.4 Transmutations
 + Level 5.4 Fire Magic
 + Level 5.4 Ice Magic
 + Level 5.4 Air Magic
 + Level 5.4 Earth Magic
 + Level 5.4 Poison Magic
 + Level 7.2 Invocations
 + Level 6.5 Evocations


You had 7 spell levels left.
You knew the following spells:

 Your Spells              Type           Power        Failure   Level
a - Blink                 Tloc           N/A          1%          2
b - Gell's Gravitas       Tloc           18%          1%          3
c - Call Imp              Summ           28%          2%          2
d - Portal Projectile     Hex/Tloc       66%          3%          3
e - Mephitic Cloud        Conj/Pois/Air  28%          5%          3
f - Inner Flame           Hex/Fire       28%          5%          3
g - Frozen Ramparts       Ice            56%          5%          3

Your spell library contained the following spells:

 Spells                   Type           Power        Failure   Level
 Freeze                   Ice            100%         1%          1
 Magic Dart               Conj           100%         1%          1
 Lesser Beckoning         Tloc           18%          1%          3
 Teleport Other           Tloc           37%          1%          3
 Slow                     Hex            28%          2%          2
 Conjure Flame            Conj/Fire      28%          5%          3
 Dazzling Flash           Conj/Hex       56%          5%          3
 Ozocubu's Armour         Ice            28%          5%          3
 Passage of Golubria      Tloc           N/A          6%          4
 Hailstorm                Conj/Ice       28%          17%         4
 Leda's Liquefaction      Hex/Erth       14%          17%         4
 Summon Ice Beast         Ice/Summ       28%          17%         4
 Silence                  Hex/Air        14%          43%         5
 Discord                  Hex            14%          100%        8


Dungeon Overview and Level Annotations

Branches:
Dungeon (11/15)            Temple (0/1) D:7            Lair (0/6) D:9
    Orc (0/2) D:10

Altars:
Dithmenos
Hepliaklqana
Kikubaaqudgha
Makhleb
Okawaru
Uskayaw
Yredelemnul

Shops:
D:6 (


Innate Abilities, Weirdness & Mutations

Your experience applies equally to all skills.
You have very sharp teeth.
Your uncanny sense of smell can sniff out nearby items.


Message History

You easily resist.
The kobold demonologist misses you. The wyvern closely misses you.
Casting: Gell's Gravitas (safe; 1% risk of failure)
Confirm with . or Enter, or press ? or * to list all spells.
A beastly little devil appears in a puff of frigid air.
The wyvern barely misses you. The white imp closely misses you.
You block the shadow imp's attack.
The kobold demonologist barely misses you.
The wyvern bites you. The wyvern bites you!
* * * LOW HITPOINT WARNING * * *
The kobold demonologist begins to cast a cantrip, but forgets the words!
The wyvern bites you.
* * * LOW HITPOINT WARNING * * *
Your white imp hits the white imp but does no damage.
The wyvern bites you but does no damage.
Your white imp hits the white imp but does no damage.
The white imp shouts, "Embrace thy failure, thou baffled fool-headed prigger-of-prances!"
There is an open door here.
The wyvern bites you!
You die...

#........#.#..##..##.#.#.#.#.
#........#..#..'.#.#.'.....#.
#........##..#.#.##..#..#[.#.
#####........###...#..##.#..#..#.
#............# #'###########'###.
#............####.# ∆ ∆ #.....#.
#............#.#.#.#∆ ∆#.###.#.
#............#.#.#.# #..#..#.
#####........#.#@#[#∆ ∆#[###.#.
#........##l#### ∆ ∆ #.....#.
#........###'### ###'###.
#####........#.K#5.# ##..#.#.
.............#..5l.# #.#..##.
#####........##.(.#+ ∆ #..#).#.
#........#....5# ##..#.#.
#........#..#..# #.#..##.
#........###############'###.


You could see a wyvern.

Vanquished Creatures
  A hydra (D:11)
  An ugly thing (D:11)
  Maggie (D:6)
  A komodo dragon (D:8)
  A troll (D:10)
  2 hornets (D:10)
  4 slime creatures (D:10)
  Prince Ribbit (D:8)
  A yak (D:9)
  4 water moccasins
  4 orc warriors
  5 black bears
  2 ice beasts
  A sky beast (D:8)
  6 ogres
  4 phantoms
  5 centaurs
  A big kobold (D:7)
  7 bullfrogs
  A gnoll sergeant (D:11)
  7 scorpions
  5 killer bees (D:9)
  24 wights
  4 howler monkeys
  4 centaur zombies
  3 orc priests
  4 hounds
  3 jellies
  A bullfrog skeleton (D:10)
  4 centaur skeletons
  Natasha (thrice) (D:2)
  An iguana (D:11)
  8 orc wizards
  3 worker ants
  2 hound skeletons
  2 worker ant zombies
  Robin (D:3)
  8 gnolls (D:3)
  14 adders
  2 shadow imps
  2 white imps (D:8)
  An ufetubus (D:9)
  An adder skeleton (D:5)
  3 worms
  12 leopard geckos
  45 orcs
  2 ball pythons
  4 giant cockroaches
  18 goblins
  15 hobgoblins
  8 jackals
  2 quokkas
  13 bats
  6 frilled lizards
  9 kobolds
  A quokka skeleton (D:9)
  A quokka zombie (D:6)
  9 rats
308 creatures vanquished.

Vanquished Creatures (collateral kills)
  A water moccasin (D:9)
  An orc warrior (D:11)
  A centaur (D:10)
  3 orc wizards
  A bullfrog skeleton (D:10)
  5 orcs
12 creatures vanquished.

Vanquished Creatures (others)
  39 fungi (D:9)
  42 plants (D:9)
  4 withered plants (D:9)
85 creatures vanquished.

Grand Total: 405 creatures vanquished

Notes
Turn   | Place    | Note
-------+----------+-------------------------------------------
     0 | D:1      | jlumianski the Gnoll Warper began the quest for the Orb.
     0 | D:1      | Reached XP level 1. HP: 20/20 MP: 6/6
     1 | D:1      | Noticed an electric eel
   157 | D:1      | Reached XP level 2. HP: 14/26 MP: 7/7
   546 | D:1      | Learned a level 2 spell: Blink
  1042 | D:1      | Reached XP level 3. HP: 31/31 MP: 9/9
  1289 | D:1      | Reached skill level 5 in Spellcasting
  1569 | D:2      | Reached skill level 1 in Invocations
  1721 | D:2      | Reached skill level 1 in Short Blades
  1721 | D:2      | Reached skill level 1 in Long Blades
  1721 | D:2      | Reached skill level 1 in Maces & Flails
  1721 | D:2      | Reached skill level 1 in Polearms
  1721 | D:2      | Reached skill level 1 in Staves
  1721 | D:2      | Reached skill level 1 in Slings
  1721 | D:2      | Reached skill level 1 in Bows
  1721 | D:2      | Reached skill level 1 in Crossbows
  1721 | D:2      | Reached skill level 1 in Stealth
  1721 | D:2      | Reached skill level 1 in Shields
  1721 | D:2      | Reached skill level 1 in Unarmed Combat
  1721 | D:2      | Reached skill level 1 in Evocations
  1721 | D:2      | Reached XP level 4. HP: 38/38 MP: 11/11
  1832 | D:2      | Noticed an ogre
  1865 | D:2      | Killed an ogre
  1866 | D:2      | Reached skill level 1 in Conjurations
  1866 | D:2      | Reached skill level 1 in Hexes
  1866 | D:2      | Reached skill level 1 in Summonings
  1866 | D:2      | Reached skill level 1 in Necromancy
  1866 | D:2      | Reached skill level 1 in Transmutations
  1866 | D:2      | Reached skill level 1 in Fire Magic
  1866 | D:2      | Reached skill level 1 in Ice Magic
  1866 | D:2      | Reached skill level 1 in Air Magic
  1866 | D:2      | Reached skill level 1 in Earth Magic
  1866 | D:2      | Reached skill level 1 in Poison Magic
  1866 | D:2      | Reached XP level 5. HP: 24/43 MP: 12/12
  2001 | D:2      | Learned a level 3 spell: Gell's Gravitas
  2170 | D:2      | Noticed Natasha
  2182 | D:2      | Killed Natasha
  2598 | D:2      | Noticed Natasha
  2606 | D:2      | Killed Natasha
  2700 | D:2      | Noticed Natasha
  2706 | D:2      | Killed Natasha
  2707 | D:2      | Reached XP level 6. HP: 34/50 MP: 3/13
  3306 | D:3      | Found a burning altar of Makhleb.
  3314 | D:3      | Noticed Robin
  3317 | D:3      | Reached skill level 5 in Fighting
  3317 | D:3      | Reached skill level 5 in Axes
  3317 | D:3      | Reached skill level 5 in Dodging
  3327 | D:3      | Killed Robin
  4271 | D:3      | Reached XP level 7. HP: 47/56 MP: 15/15
  5885 | D:4      | Found a shadowy altar of Dithmenos.
  6207 | D:5      | Entered Level 5 of the Dungeon
  6311 | D:5      | Reached XP level 8. HP: 46/63 MP: 16/16
  7171 | D:5      | Found a basalt altar of Yredelemnul.
  7689 | D:6      | Found Elomo's Antique Weapon Emporium.
  7691 | D:6      | Noticed Maggie
  7707 | D:6      | Killed Maggie
  7708 | D:6      | Reached XP level 9. HP: 69/69 MP: 18/18
  7731 | D:6      | Bought a steaming rapier for 261 gold pieces
  7731 | D:6      | Bought an arbalest for 130 gold pieces
  7731 | D:6      | Identified the +2 rapier of Misery {vorpal, *Drain +Blink
                  | Str+5 SInv} (You bought it in a shop on level 6 of the
                  | Dungeon)
  7753 | D:6      | Found an iron altar of Okawaru.
  7763 | D:6      | Became a worshipper of Warmaster Okawaru
  7981 | D:6      | Learned a level 2 spell: Call Imp
  8010 | D:6      | Found a hide-covered altar of Uskayaw.
  8452 | D:7      | Found a staircase to the Ecumenical Temple.
  8535 | D:7      | Identified a scroll of acquirement
  8535 | D:7      | Acquired the Almanac of Curses
  8541 | D:7      | Learned a level 3 spell: Portal Projectile
  8818 | D:7      | Reached skill level 5 in Throwing
  8818 | D:7      | Reached skill level 5 in Armour
  8970 | D:7      | Got an ebony trident
  8971 | D:7      | Identified the +5 trident of Infinite Pain {freeze, Int+3}
                  | (You found it on level 7 of the Dungeon)
  9003 | D:7      | Reached * piety under Okawaru
  9325 | D:8      | Reached skill level 5 in Invocations
  9512 | D:8      | Noticed Prince Ribbit
  9535 | D:8      | Reached ** piety under Okawaru
  9801 | D:8      | Reached XP level 10. HP: 70/77 MP: 20/20
  9963 | D:8      | Found a hazy altar of Hepliaklqana.
 10086 | D:8      | Killed Prince Ribbit
 10434 | D:9      | Reached skill level 5 in Short Blades
 10434 | D:9      | Reached skill level 5 in Long Blades
 10434 | D:9      | Reached skill level 5 in Maces & Flails
 10434 | D:9      | Reached skill level 5 in Polearms
 10434 | D:9      | Reached skill level 5 in Staves
 10434 | D:9      | Reached skill level 5 in Slings
 10434 | D:9      | Reached skill level 5 in Bows
 10434 | D:9      | Reached skill level 5 in Crossbows
 10434 | D:9      | Reached skill level 5 in Stealth
 10434 | D:9      | Reached skill level 5 in Shields
 10434 | D:9      | Reached skill level 5 in Unarmed Combat
 10434 | D:9      | Reached skill level 5 in Evocations
 11431 | D:9      | Reached *** piety under Okawaru
 11721 | D:8      | Learned a level 3 spell: Mephitic Cloud
 12032 | D:9      | Found a staircase to the Lair.
 12264 | D:9      | Received a gift from Okawaru
 12335 | D:9      | Found an ancient bone altar of Kikubaaqudgha.
 12585 | D:10     | Entered Level 10 of the Dungeon
 12652 | D:10     | Found a staircase to the Orcish Mines.
 12726 | D:10     | Reached XP level 11. HP: 84/84 MP: 18/22
 12728 | D:10     | Received a gift from Okawaru
 13234 | D:10     | Reached skill level 5 in Conjurations
 13234 | D:10     | Reached skill level 5 in Hexes
 13234 | D:10     | Reached skill level 5 in Summonings
 13234 | D:10     | Reached skill level 5 in Necromancy
 13234 | D:10     | Reached skill level 5 in Transmutations
 13234 | D:10     | Reached skill level 5 in Fire Magic
 13234 | D:10     | Reached skill level 5 in Ice Magic
 13234 | D:10     | Reached skill level 5 in Air Magic
 13234 | D:10     | Reached skill level 5 in Earth Magic
 13234 | D:10     | Reached skill level 5 in Poison Magic
 13503 | D:10     | Reached **** piety under Okawaru
 13832 | D:10     | Paralysed by a hornet for 2 turns
 14644 | D:11     | Noticed an eight-headed hydra
 14676 | D:11     | Killed an eight-headed hydra
 15154 | D:11     | Learned a level 3 spell: Inner Flame
 15158 | D:11     | Learned a level 3 spell: Frozen Ramparts
 15478 | D:11     | Noticed a brown ugly thing
 16020 | D:11     | Killed a brown ugly thing
 16020 | D:11     | Reached ***** piety under Okawaru
 16037 | D:11     | Received a gift from Okawaru
 16371 | D:11     | Slain by a wyvern

Illustrated notes

Levels and vault maps discovered:
D:1:      arrival_aquarium_a, layout_basic, minivault_27
D:2:      minmay_chambers_of_ones, layout_loops_cross, uniq_natasha
D:3:      minmay_diamond_boxcup, layout_basic, general_overflow_altar,
          uniq_robin
D:4:      layout_rooms, chequers_serial_rivers_micro_a,
          nicolae_dithmenos_the_darkroom
D:5:      layout_loops_corners, lemuel_round_altar, minmay_misc_feat_plants
D:6:      layout_gridville, lemuel_crystal_altar, okawaru_gym_becter,
          serial_shops, shop, uniq_maggie
D:7:      layout_loops_ring, minmay_temple_entry_mini_moons, minivault_11
D:8:      layout_basic, nzn_hepliaklqana_mist_gate, uniq_prince_ribbit1
D:9:      layout_cave_pods, kiku_gazebo_garden_becter,
          due_lair_maze_entry_diamond
D:10:     layout_long_grid, david_orc_2
D:11:     minmay_the_grid_square_5x5_3x3 [minmay_the_grid_square_5x5_lines,
          minmay_the_grid_square_5x5_inner_i,
          minmay_the_grid_square_5x5_tri_point,
          minmay_the_grid_square_5x5_spiral,
          minmay_the_grid_square_5x5_megaprize_diamond,
          minmay_the_grid_square_5x5_z, minmay_the_grid_square_5x5_fat_x,
          minmay_the_grid_square_5x5_two_small,
          minmay_the_grid_square_5x5_hollow_slash], layout_irregular_city,
          grunt_ministairs_6, hangedman_decor_diamond_cutter

Skill      XL: |  1  2  3  4  5  6  7  8  9 10 11 |
---------------+----------------------------------+-----
Spellcasting   | 5 6 7 8 |  8.3
Invocations    | 1 2 3 4 5 6 7 |  7.2
Short Blades   | 1 2 3 4 5 6 |  6.5
Long Blades    | 1 2 3 4 5 6 |  6.5
Maces & Flails | 1 2 3 4 5 6 |  6.5
Polearms       | 1 2 3 4 5 6 |  6.5
Staves         | 1 2 3 4 5 6 |  6.5
Slings         | 1 2 3 4 5 6 |  6.5
Bows           | 1 2 3 4 5 6 |  6.5
Crossbows      | 1 2 3 4 5 6 |  6.5
Stealth        | 1 2 3 4 5 6 |  6.5
Shields        | 1 2 3 4 5 6 |  6.5
Unarmed Combat | 1 2 3 4 5 6 |  6.5
Evocations     | 1 2 3 4 5 6 |  6.5
Throwing       | 3 4 5 6 7 |  7.1
Armour         | 3 4 5 6 7 |  7.1
Conjurations   | 1 2 3 4 5 |  5.4
Hexes          | 1 2 3 4 5 |  5.4
Summonings     | 1 2 3 4 5 |  5.4
Necromancy     | 1 2 3 4 5 |  5.4
Transmutations | 1 2 3 4 5 |  5.4
Fire Magic     | 1 2 3 4 5 |  5.4
Ice Magic      | 1 2 3 4 5 |  5.4
Air Magic      | 1 2 3 4 5 |  5.4
Earth Magic    | 1 2 3 4 5 |  5.4
Poison Magic   | 1 2 3 4 5 |  5.4
Fighting       | 5 6 7 8 |  8.1
Axes           | 5 6 7 8 |  8.1
Dodging        | 5 6 7 8 |  8.1
Translocations | 6 7 |  7.8

Action                   |  1- 3 |  4- 6 |  7- 9 | 10-12 || total
-------------------------+-------+-------+-------+-------++-------
Melee: Hand axe          |   104 |   196 |   116 |       ||   416
       Bite              |    10 |    16 |    35 |    34 ||    95
       Punch             |     1 |     2 |     2 |       ||     5
       Quarterstaff      |       |       |   226 |   368 ||   594
       Trident           |       |       |     6 |       ||     6
 Fire: Arbalest          |       |       |     9 |    11 ||    20
Throw: Stone             |     2 |       |       |       ||     2
       Boomerang         |       |    15 |    21 |    24 ||    60
 Cast: Blink             |       |     4 |     4 |    18 ||    26
       Gell's Gravitas   |       |    14 |    13 |    16 ||    43
       Call Imp          |       |       |     2 |    30 ||    32
       Portal Projectile |       |       |     2 |     4 ||     6
       Mephitic Cloud    |       |       |       |     1 ||     1
       Frozen Ramparts   |       |       |       |     3 ||     3
       Inner Flame       |       |       |       |     1 ||     1
Evoke: Wand              |       |       |       |     7 ||     7
  Use: Scroll            |     2 |     2 |    13 |     5 ||    22
       Potion            |       |       |     6 |     3 ||     9
 Stab: Sleeping          |     1 |     2 |     2 |     5 ||    10
       Distracted        |     1 |       |       |     2 ||     3
Armor: Leather armour    |    28 |    39 |    20 |       ||    87
       Ring mail         |       |       |    64 |   157 ||   221
Dodge: Dodged            |    79 |   178 |   231 |   298 ||   786
       Repelled          |       |       |     1 |       ||     1
Block: Other             |       |       |    41 |   109 ||   150
       Reflection        |       |       |     6 |     7 ||    13
